Stars vs Oilers
Created - March 29, 2022 at 19:08
Goals
|
| Stars |
0 |
1 |
0 |
1 |
| Oilers |
0 |
2 |
0 |
2 |
|
Shots
|
| Stars |
8 |
16 |
5 |
29 |
| Oilers |
7 |
9 |
3 |
19 |
|
1st period
No Goal
Penalties :
Boris Valabik (Dal) for Roughing (Double Minor) at 8:59, Michael Grabner (Dal) for Hooking (Minor) at 19:58
2nd period
1. Oilers , Ryan Nugent-Hopkins 12 (Evander Kane 41, Benoit Pouliot 19) at 12:42
2. Stars , John Tavares 31 (Brian Lee 16, Guillaume Latendresse 23) at 13:17
3. Oilers , Evander Kane 30 (Benoit Pouliot 20, Tobias Enstrom 10) at 18:01
Penalties :
Ted Purcell (Edm) for Hooking (Minor) at 2:13, John Tavares (Dal) for Slashing (Minor) at 5:48, Tobias Enstrom (Edm) for Roughing (Minor) at 8:58
3rd period
No Goal
Penalties :
Jussi Jokinen (Dal) for High sticking (Minor) at 2:58, Evgeny Kuznetsov (Dal) for Elbowing (Minor) at 11:40
Goalie Stats
Matt Murray (Dal), 17 saves from 19 shots - (0.895), L, 19-16-3, 59:01 minutes
James Reimer (Edm), 28 saves from 29 shots - (0.966), W, 21-11-6, 60:00 minutes
Players Stats for Stars
Player Name G A P +/- PIM S H SB GA TA FO MP PP MP PK MP
------------------------------------------------------------------------------------
Alex Chiasson 0 0 0 -1 0 0 2 0 0 0 1/1 16:26 1:32 3:03
Andrej Sustr 0 0 0 0 0 0 3 1 0 0 0/0 20:20 1:50 3:37
Andrew Ladd 0 0 0 -1 0 1 0 0 0 0 0/0 11:48 0:14 2:28
Boris Valabik 0 0 0 0 4 0 0 0 1 0 0/0 19:02 1:50 2:04
Brian Lee 0 1 1 0 0 2 0 0 0 1 0/0 26:55 2:04 7:12
Cam Atkinson 0 0 0 -1 0 1 2 0 0 0 0/0 8:46 0:00 0:00
Cory Emmerton 0 0 0 -1 0 2 0 0 0 0 0/5 10:22 0:00 1:23
Evgeny Grachev 0 0 0 -1 0 1 2 1 1 0 5/14 16:59 1:32 3:43
Evgeny Kuznetsov 0 0 0 0 2 2 0 0 0 0 1/3 8:40 0:00 0:00
Guillaume Latendresse 0 1 1 1 0 5 0 0 1 0 0/0 22:36 2:13 5:40
Ian White 0 0 0 0 0 2 3 2 0 1 0/0 26:45 2:04 6:54
Jeremy Morin 0 0 0 0 0 4 1 0 0 0 0/0 8:54 0:13 0:00
John Tavares 1 0 1 1 2 5 1 1 0 0 17/28 21:38 2:13 4:42
Jussi Jokinen 0 0 0 -1 2 1 1 0 1 0 0/1 16:34 1:32 2:51
Michael Grabner 0 0 0 1 2 1 1 0 0 0 1/1 16:37 2:25 0:00
Paul Ladue 0 0 0 -1 0 1 1 3 0 1 0/0 13:44 0:04 2:18
Scott Kosmachuck 0 0 0 0 0 1 1 0 0 1 0/0 8:41 0:00 0:00
Tyson Barrie 0 0 0 -1 0 0 0 2 0 0 0/0 13:13 0:04 1:45
Players Stats for Oilers
Player Name G A P +/- PIM S H SB GA TA FO MP PP MP PK MP
------------------------------------------------------------------------------------
Adam Larsson 0 0 0 0 0 0 2 1 0 0 0/0 18:01 0:39 2:45
Andy Rogers 0 0 0 0 0 2 0 0 0 1 0/0 18:12 6:27 0:02
Benoit Pouliot 0 2 2 1 0 2 1 0 1 0 0/0 16:59 1:11 1:24
Cam Barker 0 0 0 0 0 0 0 1 0 1 0/0 23:34 4:21 3:08
Duncan Keith 0 0 0 0 0 1 1 0 0 0 0/0 14:44 5:10 0:02
Dustin Brown 0 0 0 0 0 0 2 0 0 0 0/0 10:50 1:44 0:00
Evander Kane 1 1 2 1 0 3 3 0 1 0 1/1 19:17 6:00 0:00
Jordan Caron 0 0 0 0 0 0 0 0 0 0 1/5 9:28 0:00 0:00
Jordan Eberle 0 0 0 0 0 2 0 0 0 1 0/0 14:56 0:01 2:23
Kasperi Kapanen 0 0 0 0 0 0 0 3 1 0 0/0 13:16 4:10 0:00
Leon Draisaitl 0 0 0 0 0 0 0 0 0 0 1/2 14:25 5:57 0:11
Maxim Lapierre 0 0 0 0 0 0 1 0 0 0 4/6 11:11 1:10 1:30
Rasmus Ristolainen 0 0 0 1 0 1 0 2 0 1 0/0 24:47 6:30 0:48
Ryan Nugent-Hopkins 1 0 1 1 0 5 2 1 0 0 15/31 22:42 6:02 2:19
Taylor Hall 0 0 0 0 0 2 1 0 0 0 1/1 17:10 4:47 0:00
Ted Purcell 0 0 0 0 2 1 2 0 0 0 0/0 9:29 0:00 0:00
Tobias Enstrom 0 1 1 1 2 0 0 2 0 0 0/0 20:43 0:43 1:11
Yanni Gourde 0 0 0 0 0 0 0 0 1 0 5/7 16:16 4:43 0:09
3 Stars
1 - Evander Kane (Edm)
2 - James Reimer (Edm)
3 - Ryan Nugent-Hopkins (Edm)
Power Play
Stars - 0 on 2 Attempt(s) - 0.00%
Oilers - 0 on 6 Attempt(s) - 0.00%
Penalty Kill
Stars - 6 on 6 Attempt(s) - 100.00%
- Score 0 goal in Penalty Kill
Oilers - 2 on 2 Attempt(s) - 100.00%
- Score 0 goal in Penalty Kill
Team Stat
Stars - Hits : 18 - Faceoff Wins : 25 - Blocked Shots : 10 - Penalty Minutes : 12
Oilers - Hits : 15 - Faceoff Wins : 28 - Blocked Shots : 10 - Penalty Minutes : 4
Official
Referees : Furman South and Chris Lee
Linesman : Shandor Alphonso and Kiel Murchison
Game Notes
No Game Note
Finance
Level 1 -- Attendance: 5916 (98.60%) -- Ticket Income $591,600
Level 2 -- Attendance: 4667 (93.34%) -- Ticket Income $280,020
Level 3 -- Attendance: 2000 (100.00%) -- Ticket Income $70,000
Level 4 -- Attendance: 3813 (95.33%) -- Ticket Income $95,325
Luxury Box -- Attendance: 1000 (100.00%) -- Ticket Income $200,000
Game was played at the Rodgers Place.
Total Attendance: 17396 (96.64%)
Total Ticket Income: $1,236,945
Other Income: $185,542
Total Income: $1,422,487
Stars
5 vs 5 Forward
Center Left Wing Right Wing Time % Phy DF OF
1 John Tavares Guillaume Latendresse Michael Grabner 40 1 2 2
2 Evgeny Grachev Jussi Jokinen Alex Chiasson 30 1 2 2
3 Cory Emmerton Andrew Ladd Cam Atkinson 20 1 2 2
4 Evgeny Kuznetsov Jeremy Morin Scott Kosmachuck 10 1 2 2
5 vs 5 Defense
Defense Defense Time % Phy DF OF
1 Ian White Brian Lee 40 1 2 2
2 Boris Valabik Andrej Sustr 30 1 2 2
3 Paul Ladue Tyson Barrie 20 1 2 2
4 Ian White Brian Lee 10 1 2 2
PowerPlay Forward
Center Left Wing Right Wing Time % Phy DF OF
1 John Tavares Guillaume Latendresse Michael Grabner 60 0 2 3
2 Evgeny Grachev Jussi Jokinen Alex Chiasson 40 0 2 3
PowerPlay Defense
Defense Defense Time % Phy DF OF
1 Ian White Brian Lee 60 0 2 3
2 Boris Valabik Andrej Sustr 40 0 2 3
Penalty Kill 4 Players Forward
Center Wing Time % Phy DF OF
1 John Tavares Guillaume Latendresse 60 0 3 2
2 Evgeny Grachev Jussi Jokinen 40 0 3 2
Penalty Kill 4 Players Defense
Defense Defense Time % Phy DF OF
1 Ian White Brian Lee 60 0 3 2
2 Boris Valabik Andrej Sustr 40 0 3 2
Penalty Kill - 3 Players Forward
Forward Time % Phy DF OF
1 John Tavares 60 0 3 2
2 Evgeny Grachev 40 0 3 2
Penalty Kill - 3 Players Defense
Defense Defense Time % Phy DF OF
1 Ian White Brian Lee 60 0 3 2
2 Boris Valabik Andrej Sustr 40 0 3 2
4 vs 4 Forward
Center Wing Time % Phy DF OF
1 John Tavares Guillaume Latendresse 60 0 2 3
2 Evgeny Grachev Jussi Jokinen 40 0 2 3
4 vs 4 Defense
Defense Defense Time % Phy DF OF
1 Ian White Brian Lee 60 1 2 2
2 Boris Valabik Andrej Sustr 40 1 2 2
Last Minutes Offensive
Center Left Wing Right Wing Defense Defense
John Tavares Guillaume Latendresse Michael Grabner Ian White Brian Lee
Last Minutes Defensive
Center Left Wing Right Wing Defense Defense
John Tavares Guillaume Latendresse Michael Grabner Ian White Brian Lee
Goaltenders
Starting : Matt Murray
Backup : Braden Holtby
Extra Forwards
Normal : Alex Chiasson, Andrew Ladd, Evgeny Grachev - PP : Alex Chiasson, Andrew Ladd - PK : Alex Chiasson
Extra Defensemen
Normal : Andrej Sustr, Paul Ladue, Tyson Barrie - PP : Andrej Sustr - PK : Andrej Sustr, Paul Ladue
Penalty Shots
John Tavares, Guillaume Latendresse, Michael Grabner, Jussi Jokinen, Alex Chiasson
Scratches
Tyler Brenner (Healthy)
Oilers
5 vs 5 Forward
Center Left Wing Right Wing Time % Phy DF OF
1 Ryan Nugent-Hopkins Benoit Pouliot Evander Kane 40 1 2 2
2 Yanni Gourde Taylor Hall Jordan Eberle 30 1 2 2
3 Maxim Lapierre Leon Draisaitl Dustin Brown 20 1 2 2
4 Jordan Caron Ted Purcell Kasperi Kapanen 10 1 2 2
5 vs 5 Defense
Defense Defense Time % Phy DF OF
1 Tobias Enstrom Rasmus Ristolainen 40 1 2 2
2 Adam Larsson Cam Barker 30 1 2 2
3 Andy Rogers Duncan Keith 20 1 2 2
4 Cam Barker Andy Rogers 10 1 2 2
PowerPlay Forward
Center Left Wing Right Wing Time % Phy DF OF
1 Ryan Nugent-Hopkins Leon Draisaitl Evander Kane 60 1 2 2
2 Yanni Gourde Taylor Hall Kasperi Kapanen 40 1 2 2
PowerPlay Defense
Defense Defense Time % Phy DF OF
1 Rasmus Ristolainen Andy Rogers 60 1 2 2
2 Cam Barker Duncan Keith 40 1 2 2
Penalty Kill 4 Players Forward
Center Wing Time % Phy DF OF
1 Ryan Nugent-Hopkins Jordan Eberle 60 1 2 2
2 Maxim Lapierre Benoit Pouliot 40 1 2 2
Penalty Kill 4 Players Defense
Defense Defense Time % Phy DF OF
1 Cam Barker Tobias Enstrom 60 1 2 2
2 Rasmus Ristolainen Adam Larsson 40 1 2 2
Penalty Kill - 3 Players Forward
Forward Time % Phy DF OF
1 Maxim Lapierre 60 1 2 2
2 Ryan Nugent-Hopkins 40 1 2 2
Penalty Kill - 3 Players Defense
Defense Defense Time % Phy DF OF
1 Cam Barker Tobias Enstrom 60 1 2 2
2 Rasmus Ristolainen Adam Larsson 40 1 2 2
4 vs 4 Forward
Center Wing Time % Phy DF OF
1 Yanni Gourde Taylor Hall 60 1 2 2
2 Ryan Nugent-Hopkins Benoit Pouliot 40 1 2 2
4 vs 4 Defense
Defense Defense Time % Phy DF OF
1 Cam Barker Andy Rogers 60 1 2 2
2 Rasmus Ristolainen Adam Larsson 40 1 2 2
Last Minutes Offensive
Center Left Wing Right Wing Defense Defense
Ryan Nugent-Hopkins Taylor Hall Jordan Eberle Cam Barker Rasmus Ristolainen
Last Minutes Defensive
Center Left Wing Right Wing Defense Defense
Ryan Nugent-Hopkins Taylor Hall Jordan Eberle Cam Barker Rasmus Ristolainen
Goaltenders
Starting : James Reimer
Backup : Jonas Hiller
Extra Forwards
Normal : Yanni Gourde, Leon Draisaitl, Ryan Nugent-Hopkins - PP : Yanni Gourde, Leon Draisaitl - PK : Maxim Lapierre
Extra Defensemen
Normal : Adam Larsson, Tobias Enstrom, Duncan Keith - PP : Adam Larsson - PK : Adam Larsson, Tobias Enstrom
Penalty Shots
Yanni Gourde, Evander Kane, Benoit Pouliot, Ted Purcell, Taylor Hall
Scratches
Connor McDavid (Lacerated Right Calf Injury), Darnell Nurse (Abdomen/Ribs Injury)
% Time on Ice - Stars
Lines # - Real PCT - Wanted PCT - Time Play
Normal Forward
1 - 32% - 40% - 14:01
2 - 27% - 30% - 11:44
3 - 20% - 20% - 8:46
4 - 20% - 10% - 8:41
Normal Defense
1 - 38% - 40% - 16:30
2 - 36% - 30% - 15:22
3 - 24% - 20% - 10:33
4 - 2% - 10% - 0:47
PP Forward
1 - 61% - 60% - 2:26
2 - 39% - 40% - 1:32
PP Defense
1 - 54% - 60% - 2:08
2 - 46% - 40% - 1:50
PK Forward
1 - 69% - 60% - 8:12
2 - 31% - 40% - 3:43
PK Defense
1 - 59% - 60% - 7:04
2 - 41% - 40% - 4:51
PK3 Forward
1 - 0% - 60%
2 - 0% - 40%
PK3 Defense
1 - 0% - 60%
2 - 0% - 40%
44 Forward
1 - 0% - 60%
2 - 0% - 40%
44 Defense
1 - 0% - 60%
2 - 0% - 40%
Last Minute Offensive - 0:55
Last Minute Defensive - 0:00
Total
Forward - 60:00
Defense - 60:00
|
% Time on Ice - Oilers
Lines # - Real PCT - Wanted PCT - Time Play
Normal Forward
1 - 32% - 40% - 13:55
2 - 27% - 30% - 11:53
3 - 18% - 20% - 7:57
4 - 22% - 10% - 9:28
Normal Defense
1 - 45% - 40% - 19:14
2 - 31% - 30% - 13:23
3 - 19% - 20% - 8:25
4 - 5% - 10% - 2:11
PP Forward
1 - 58% - 60% - 6:58
2 - 42% - 40% - 4:57
PP Defense
1 - 59% - 60% - 6:59
2 - 41% - 40% - 4:56
PK Forward
1 - 89% - 60% - 3:31
2 - 11% - 40% - 0:27
PK Defense
1 - 80% - 60% - 3:10
2 - 20% - 40% - 0:48
PK3 Forward
1 - 0% - 60%
2 - 0% - 40%
PK3 Defense
1 - 0% - 60%
2 - 0% - 40%
44 Forward
1 - 0% - 60%
2 - 0% - 40%
44 Defense
1 - 0% - 60%
2 - 0% - 40%
Last Minute Offensive - 0:00
Last Minute Defensive - 0:54
Total
Forward - 60:00
Defense - 60:00
|
Play-by-Play
1st period
0:01 of 1st period - Ryan Nugent-Hopkins wins face-off versus John Tavares in neutral zone.
0:48 of 1st period - Off-side.
0:49 of 1st period - Maxim Lapierre wins face-off versus Cory Emmerton in neutral zone.
1:14 of 1st period - Adam Larsson is hit by Andrej Sustr and loses puck.
1:22 of 1st period - Cam Barker is hit by Andrej Sustr and loses puck.
2:28 of 1st period - Wrist shot by Cam Atkinson.
2:28 of 1st period - Stopped by James Reimer without a rebound.
2:29 of 1st period - John Tavares wins face-off versus Ryan Nugent-Hopkins in Oilers zone.
2:43 of 1st period - Snap shot by Michael Grabner.
2:43 of 1st period - Stopped by James Reimer without a rebound.
2:44 of 1st period - Yanni Gourde wins face-off versus Evgeny Grachev in Oilers zone.
2:52 of 1st period - Cam Barker is hit by Paul Ladue and loses puck.
3:11 of 1st period - Michael Grabner is hit by Ryan Nugent-Hopkins and loses puck.
3:16 of 1st period - Wrist shot by Evander Kane.
3:16 of 1st period - Shot Misses the Net.
3:20 of 1st period - Wrist shot by Ryan Nugent-Hopkins.
3:20 of 1st period - Shot Blocked by Paul Ladue.
3:22 of 1st period - Slapshot by Evander Kane.
3:22 of 1st period - Deflect By Ryan Nugent-Hopkins.
3:22 of 1st period - Stopped by Matt Murray without a rebound.
3:23 of 1st period - Ryan Nugent-Hopkins wins face-off versus Evgeny Kuznetsov in Stars zone.
3:32 of 1st period - Tobias Enstrom is hit by Jeremy Morin and loses puck.
3:37 of 1st period - Wrist shot by Evgeny Kuznetsov.
3:37 of 1st period - Stopped by James Reimer with a rebound.
4:13 of 1st period - Snap shot by Taylor Hall.
4:13 of 1st period - Stopped by Matt Murray with a rebound.
4:48 of 1st period - Andrej Sustr is hit by Maxim Lapierre.
5:10 of 1st period - Snap shot by Ryan Nugent-Hopkins.
5:10 of 1st period - Shot Blocked by Tyson Barrie.
5:45 of 1st period - Andrew Ladd is hit by Duncan Keith and loses puck.
6:06 of 1st period - Wrist shot by John Tavares.
6:06 of 1st period - Shot Misses the Net.
6:48 of 1st period - Backhand shot by Jeremy Morin.
6:48 of 1st period - Stopped by James Reimer without a rebound.
6:49 of 1st period - John Tavares wins face-off versus Ryan Nugent-Hopkins in Oilers zone.
6:52 of 1st period - Wrist shot by John Tavares.
6:52 of 1st period - Shot Misses the Net.
7:04 of 1st period - Wrist shot by Evander Kane.
7:04 of 1st period - Shot Blocked by Andrej Sustr.
7:06 of 1st period - Snap shot by Evander Kane.
7:06 of 1st period - Deflect By Ryan Nugent-Hopkins.
7:06 of 1st period - Stopped by Matt Murray with a rebound.
7:44 of 1st period - Slapshot by Cory Emmerton.
7:44 of 1st period - Stopped by James Reimer without a rebound.
7:45 of 1st period - Ryan Nugent-Hopkins wins face-off versus John Tavares in Oilers zone.
8:20 of 1st period - Off-side.
8:21 of 1st period - Maxim Lapierre wins face-off versus Evgeny Grachev in neutral zone.
8:30 of 1st period - Slapshot by Maxim Lapierre.
8:30 of 1st period - Shot Misses the Net.
8:36 of 1st period - Snap shot by Evgeny Grachev.
8:36 of 1st period - Deflect By Jussi Jokinen.
8:36 of 1st period - Stopped by James Reimer with a rebound.
8:59 of 1st period - Double Minor Penalty to Boris Valabik for Roughing.
9:00 of 1st period - John Tavares wins face-off versus Ryan Nugent-Hopkins in Stars zone.
10:11 of 1st period - Cam Barker is hit by Evgeny Grachev and loses puck.
12:59 of 1st period - Penalty to Boris Valabik is over, Boris Valabik is back on ice.
13:04 of 1st period - Andrew Ladd is hit by Dustin Brown and loses puck.
14:00 of 1st period - Snap shot by Evgeny Kuznetsov.
14:00 of 1st period - Stopped by James Reimer without a rebound.
14:01 of 1st period - Michael Grabner wins face-off versus Jordan Caron in Oilers zone.
14:04 of 1st period - Snap shot by John Tavares.
14:04 of 1st period - Shot Misses the Net.
14:20 of 1st period - Cory Emmerton is hit by Evander Kane and loses puck.
15:13 of 1st period - Wrist shot by Michael Grabner.
15:13 of 1st period - Deflect By Andrew Ladd.
15:13 of 1st period - Stopped by James Reimer without a rebound.
15:14 of 1st period - Jordan Caron wins face-off versus Cory Emmerton in Oilers zone.
15:39 of 1st period - Ian White is hit by Evander Kane.
15:45 of 1st period - Wrist shot by Evander Kane.
15:45 of 1st period - Shot Blocked by Paul Ladue.
15:47 of 1st period - Slapshot by Rasmus Ristolainen.
15:47 of 1st period - Shot Misses the Net.
15:49 of 1st period - Slapshot by Tobias Enstrom.
15:49 of 1st period - Shot Misses the Net.
15:53 of 1st period - Slapshot by Benoit Pouliot.
15:53 of 1st period - Stopped by Matt Murray without a rebound.
15:54 of 1st period - Yanni Gourde wins face-off versus Evgeny Grachev in Stars zone.
16:05 of 1st period - Snap shot by Taylor Hall.
16:05 of 1st period - Deflect By Jordan Eberle.
16:05 of 1st period - Stopped by Matt Murray with a rebound.
16:07 of 1st period - Wrist shot by Yanni Gourde.
16:07 of 1st period - Deflect By Ian White.
16:07 of 1st period - Shot Misses the Net.
16:07 of 1st period - Puck is out of play.
16:08 of 1st period - John Tavares wins face-off versus Ryan Nugent-Hopkins in Stars zone.
16:22 of 1st period - Off-side.
16:23 of 1st period - Ryan Nugent-Hopkins wins face-off versus Evgeny Grachev in neutral zone.
16:26 of 1st period - Slapshot by Rasmus Ristolainen.
16:26 of 1st period - Shot Blocked by Ian White.
16:36 of 1st period - Wrist shot by Evgeny Grachev.
16:36 of 1st period - Shot Blocked by Tobias Enstrom.
16:38 of 1st period - Wrist shot by Jussi Jokinen.
16:38 of 1st period - Shot Blocked by Ryan Nugent-Hopkins.
18:19 of 1st period - Snap shot by Jordan Eberle.
18:19 of 1st period - Deflect By Taylor Hall.
18:19 of 1st period - Stopped by Matt Murray without a rebound.
18:20 of 1st period - Ryan Nugent-Hopkins wins face-off versus Evgeny Grachev in Stars zone.
18:31 of 1st period - Slapshot by Jussi Jokinen.
18:31 of 1st period - Shot Blocked by Tobias Enstrom.
18:47 of 1st period - Evgeny Grachev is hit by Dustin Brown and loses puck.
19:00 of 1st period - Slapshot by Leon Draisaitl.
19:00 of 1st period - Shot Blocked by Evgeny Grachev.
19:20 of 1st period - Icing by Yanni Gourde.
19:21 of 1st period - Yanni Gourde wins face-off versus John Tavares in Oilers zone.
19:21 of 1st period - Yanni Gourde is hit by Ian White.
19:33 of 1st period - Snap shot by John Tavares.
19:33 of 1st period - Deflect By Taylor Hall.
19:33 of 1st period - Shot Misses the Net.
19:33 of 1st period - Puck is out of play.
19:34 of 1st period - Ryan Nugent-Hopkins wins face-off versus John Tavares in Oilers zone.
19:41 of 1st period - Snap shot by Rasmus Ristolainen.
19:41 of 1st period - Stopped by Matt Murray without a rebound.
19:42 of 1st period - Ryan Nugent-Hopkins wins face-off versus John Tavares in Stars zone.
19:58 of 1st period - Minor Penalty to Michael Grabner for Hooking.
19:59 of 1st period - John Tavares wins face-off versus Ryan Nugent-Hopkins in Stars zone.
Goals for this period are 0 for Stars vs 0 for Oilers.
Shots for this period are 8 for Stars vs 7 for Oilers.
2nd period
0:01 of 2nd period - Ryan Nugent-Hopkins wins face-off versus John Tavares in neutral zone.
1:58 of 2nd period - Penalty to Michael Grabner is over, Michael Grabner is back on ice.
2:13 of 2nd period - Minor Penalty to Ted Purcell for Hooking.
2:14 of 2nd period - Ryan Nugent-Hopkins wins face-off versus Evgeny Grachev in Oilers zone.
4:13 of 2nd period - Penalty to Ted Purcell is over, Ted Purcell is back on ice.
4:52 of 2nd period - Backhand shot by Cory Emmerton.
4:52 of 2nd period - Stopped by James Reimer with a rebound.
5:17 of 2nd period - Boris Valabik is hit by Ryan Nugent-Hopkins and loses puck.
5:48 of 2nd period - Minor Penalty to John Tavares for Slashing.
5:49 of 2nd period - Alex Chiasson wins face-off versus Ryan Nugent-Hopkins in Stars zone.
5:57 of 2nd period - Wrist shot by Evander Kane.
5:57 of 2nd period - Stopped by Matt Murray with a rebound.
5:59 of 2nd period - Snap shot by Andy Rogers.
5:59 of 2nd period - Stopped by Matt Murray with a rebound.
6:01 of 2nd period - Wrist shot by Andy Rogers.
6:01 of 2nd period - Shot Blocked by Ian White.
6:03 of 2nd period - Snap shot by Evander Kane.
6:03 of 2nd period - Shot Misses the Net.
6:05 of 2nd period - Wrist shot by Ryan Nugent-Hopkins.
6:05 of 2nd period - Stopped by Matt Murray with a rebound.
7:48 of 2nd period - Penalty to John Tavares is over, John Tavares is back on ice.
7:57 of 2nd period - Snap shot by Jeremy Morin.
7:57 of 2nd period - Stopped by James Reimer with a rebound.
7:59 of 2nd period - Snap shot by Jeremy Morin.
7:59 of 2nd period - Stopped by James Reimer with a rebound.
8:01 of 2nd period - Snap shot by Scott Kosmachuck.
8:01 of 2nd period - Stopped by James Reimer with a rebound.
8:03 of 2nd period - Slapshot by Paul Ladue.
8:03 of 2nd period - Deflect By Yanni Gourde.
8:03 of 2nd period - Stopped by James Reimer without a rebound.
8:04 of 2nd period - Evgeny Grachev wins face-off versus Leon Draisaitl in Oilers zone.
8:19 of 2nd period - Wrist shot by Evgeny Grachev.
8:19 of 2nd period - Stopped by James Reimer without a rebound.
8:20 of 2nd period - John Tavares wins face-off versus Ryan Nugent-Hopkins in Oilers zone.
8:27 of 2nd period - Wrist shot by Guillaume Latendresse.
8:27 of 2nd period - Shot Blocked by Rasmus Ristolainen.
8:29 of 2nd period - Wrist shot by Guillaume Latendresse.
8:29 of 2nd period - Stopped by James Reimer with a rebound.
8:31 of 2nd period - Snap shot by Guillaume Latendresse.
8:31 of 2nd period - Stopped by James Reimer without a rebound.
8:32 of 2nd period - John Tavares wins face-off versus Ryan Nugent-Hopkins in Oilers zone.
8:48 of 2nd period - Off-side.
8:49 of 2nd period - Evgeny Grachev wins face-off versus Yanni Gourde in neutral zone.
8:52 of 2nd period - Rasmus Ristolainen is hit by Ian White and loses puck.
8:58 of 2nd period - Minor Penalty to Tobias Enstrom for Roughing.
8:59 of 2nd period - John Tavares wins face-off versus Ryan Nugent-Hopkins in Oilers zone.
8:59 of 2nd period - Wrist shot by Michael Grabner.
8:59 of 2nd period - Shot Blocked by Cam Barker.
9:01 of 2nd period - Slapshot by Brian Lee.
9:01 of 2nd period - Stopped by James Reimer with a rebound.
9:03 of 2nd period - Slapshot by Brian Lee.
9:03 of 2nd period - Stopped by James Reimer without a rebound.
9:04 of 2nd period - John Tavares wins face-off versus Ryan Nugent-Hopkins in Oilers zone.
9:17 of 2nd period - Snap shot by Ian White.
9:17 of 2nd period - Stopped by James Reimer without a rebound.
9:18 of 2nd period - John Tavares wins face-off versus Ryan Nugent-Hopkins in Oilers zone.
9:35 of 2nd period - Snap shot by Jordan Eberle.
9:35 of 2nd period - Shot Misses the Net.
9:49 of 2nd period - Wrist shot by Guillaume Latendresse.
9:49 of 2nd period - Stopped by James Reimer with a rebound.
10:17 of 2nd period - Snap shot by John Tavares.
10:17 of 2nd period - Deflect By Michael Grabner.
10:17 of 2nd period - Shot Blocked by Adam Larsson.
10:17 of 2nd period - Puck is out of play.
10:18 of 2nd period - Evgeny Grachev wins face-off versus Maxim Lapierre in Oilers zone.
10:58 of 2nd period - Penalty to Tobias Enstrom is over, Tobias Enstrom is back on ice.
10:59 of 2nd period - Icing by Michael Grabner.
11:00 of 2nd period - John Tavares wins face-off versus Jordan Caron in Stars zone.
12:14 of 2nd period - Tobias Enstrom is hit by Jussi Jokinen and loses puck.
12:30 of 2nd period - Wrist shot by Yanni Gourde.
12:30 of 2nd period - Shot Misses the Net.
12:32 of 2nd period - Slapshot by Andy Rogers.
12:32 of 2nd period - Deflect By Cory Emmerton.
12:32 of 2nd period - Stopped by Matt Murray without a rebound.
12:33 of 2nd period - Ryan Nugent-Hopkins wins face-off versus Cory Emmerton in Stars zone.
12:42 of 2nd period - Wrist shot by Ryan Nugent-Hopkins.
12:42 of 2nd period - Deflect By Ian White.
12:42 of 2nd period - Goal by Ryan Nugent-Hopkins - Stars : 0 - Oilers : 1.
12:43 of 2nd period - Ryan Nugent-Hopkins wins face-off versus John Tavares in neutral zone.
13:15 of 2nd period - Snap shot by John Tavares.
13:15 of 2nd period - Stopped by James Reimer with a rebound.
13:17 of 2nd period - Wrist shot by John Tavares.
13:17 of 2nd period - Goal by John Tavares - Stars : 1 - Oilers : 1.
13:18 of 2nd period - Evgeny Grachev wins face-off versus Yanni Gourde in neutral zone.
16:01 of 2nd period - Tobias Enstrom is hit by Scott Kosmachuck and loses puck.
16:21 of 2nd period - Icing by Paul Ladue.
16:22 of 2nd period - Taylor Hall wins face-off versus John Tavares in Stars zone.
16:29 of 2nd period - Snap shot by Jordan Eberle.
16:29 of 2nd period - Stopped by Matt Murray without a rebound.
16:30 of 2nd period - John Tavares wins face-off versus Ryan Nugent-Hopkins in Stars zone.
17:19 of 2nd period - Icing by Brian Lee.
17:20 of 2nd period - Evgeny Grachev wins face-off versus Maxim Lapierre in Stars zone.
17:20 of 2nd period - Evgeny Grachev is hit by Adam Larsson.
17:26 of 2nd period - Slapshot by Ian White.
17:26 of 2nd period - Stopped by James Reimer without a rebound.
17:27 of 2nd period - Evander Kane wins face-off versus Evgeny Grachev in Oilers zone.
17:36 of 2nd period - Rasmus Ristolainen is hit by Andrej Sustr and loses puck.
17:57 of 2nd period - Slapshot by Evander Kane.
17:57 of 2nd period - Shot Blocked by Paul Ladue.
17:59 of 2nd period - Snap shot by Benoit Pouliot.
17:59 of 2nd period - Stopped by Matt Murray with a rebound.
18:01 of 2nd period - Snap shot by Evander Kane.
18:01 of 2nd period - Goal by Evander Kane - Stars : 1 - Oilers : 2.
18:02 of 2nd period - Yanni Gourde wins face-off versus John Tavares in neutral zone.
18:05 of 2nd period - Guillaume Latendresse is hit by Taylor Hall.
18:37 of 2nd period - Benoit Pouliot is hit by Alex Chiasson.
19:30 of 2nd period - Wrist shot by Ted Purcell.
19:30 of 2nd period - Stopped by Matt Murray without a rebound.
19:31 of 2nd period - John Tavares wins face-off versus Jordan Caron in Stars zone.
19:38 of 2nd period - Slapshot by John Tavares.
19:38 of 2nd period - Stopped by James Reimer with a rebound.
Goals for this period are 1 for Stars vs 2 for Oilers.
Shots for this period are 16 for Stars vs 9 for Oilers.
3rd period
0:01 of 3rd period - John Tavares wins face-off versus Ryan Nugent-Hopkins in neutral zone.
0:10 of 3rd period - Slapshot by Michael Grabner.
0:10 of 3rd period - Shot Blocked by Rasmus Ristolainen.
1:01 of 3rd period - Wrist shot by Jeremy Morin.
1:01 of 3rd period - Stopped by James Reimer with a rebound.
1:39 of 3rd period - Wrist shot by Leon Draisaitl.
1:39 of 3rd period - Shot Blocked by John Tavares.
1:41 of 3rd period - Slapshot by Tobias Enstrom.
1:41 of 3rd period - Shot Misses the Net.
2:16 of 3rd period - Off-side.
2:17 of 3rd period - Ryan Nugent-Hopkins wins face-off versus Evgeny Kuznetsov in neutral zone.
2:22 of 3rd period - Snap shot by Ryan Nugent-Hopkins.
2:22 of 3rd period - Stopped by Matt Murray without a rebound.
2:23 of 3rd period - Ryan Nugent-Hopkins wins face-off versus John Tavares in Stars zone.
2:37 of 3rd period - Off-side.
2:38 of 3rd period - Ryan Nugent-Hopkins wins face-off versus Jussi Jokinen in neutral zone.
2:43 of 3rd period - Wrist shot by Evander Kane.
2:43 of 3rd period - Stopped by Matt Murray without a rebound.
2:44 of 3rd period - Ryan Nugent-Hopkins wins face-off versus Evgeny Grachev in Stars zone.
2:58 of 3rd period - Minor Penalty to Jussi Jokinen for High sticking.
2:59 of 3rd period - John Tavares wins face-off versus Ryan Nugent-Hopkins in Stars zone.
3:29 of 3rd period - Slapshot by Rasmus Ristolainen.
3:29 of 3rd period - Shot Misses the Net.
3:31 of 3rd period - Slapshot by Cam Barker.
3:31 of 3rd period - Shot Misses the Net.
3:33 of 3rd period - Backhand shot by Duncan Keith.
3:33 of 3rd period - Stopped by Matt Murray with a rebound.
4:19 of 3rd period - Yanni Gourde is hit by Alex Chiasson and loses puck.
4:58 of 3rd period - Penalty to Jussi Jokinen is over, Jussi Jokinen is back on ice.
5:43 of 3rd period - Evgeny Kuznetsov is hit by Adam Larsson and loses puck.
6:10 of 3rd period - Adam Larsson is hit by Evgeny Grachev.
7:38 of 3rd period - Scott Kosmachuck is hit by Benoit Pouliot and loses puck.
7:56 of 3rd period - Tyson Barrie is hit by Ted Purcell and loses puck.
9:09 of 3rd period - Slapshot by Boris Valabik.
9:09 of 3rd period - Shot Misses the Net.
9:21 of 3rd period - Slapshot by Evgeny Grachev.
9:21 of 3rd period - Deflect By Jeremy Morin.
9:21 of 3rd period - Shot Blocked by Kasperi Kapanen.
9:21 of 3rd period - Puck is out of play.
9:22 of 3rd period - Evgeny Kuznetsov wins face-off versus Jordan Caron in Oilers zone.
9:31 of 3rd period - Wrist shot by Evgeny Kuznetsov.
9:31 of 3rd period - Shot Blocked by Kasperi Kapanen.
9:50 of 3rd period - Scott Kosmachuck is hit by Ted Purcell and loses puck.
10:45 of 3rd period - Wrist shot by Boris Valabik.
10:45 of 3rd period - Shot Blocked by Kasperi Kapanen.
11:11 of 3rd period - Snap shot by Scott Kosmachuck.
11:11 of 3rd period - Shot Misses the Net.
11:40 of 3rd period - Minor Penalty to Evgeny Kuznetsov for Elbowing.
11:41 of 3rd period - John Tavares wins face-off versus Ryan Nugent-Hopkins in Stars zone.
12:23 of 3rd period - Ian White is hit by Evander Kane and loses puck.
13:32 of 3rd period - Tobias Enstrom is hit by John Tavares and loses puck.
13:40 of 3rd period - Penalty to Evgeny Kuznetsov is over, Evgeny Kuznetsov is back on ice.
13:47 of 3rd period - Jordan Eberle is hit by Ian White and loses puck.
14:41 of 3rd period - Tobias Enstrom is hit by Cam Atkinson.
15:11 of 3rd period - Icing by Ian White.
15:12 of 3rd period - Yanni Gourde wins face-off versus Evgeny Grachev in Stars zone.
16:13 of 3rd period - Snap shot by Jeremy Morin.
16:13 of 3rd period - Shot Misses the Net.
16:15 of 3rd period - Wrist shot by Scott Kosmachuck.
16:15 of 3rd period - Shot Misses the Net.
16:27 of 3rd period - Snap shot by Kasperi Kapanen.
16:27 of 3rd period - Shot Misses the Net.
16:29 of 3rd period - Wrist shot by Ted Purcell.
16:29 of 3rd period - Shot Blocked by Tyson Barrie.
17:34 of 3rd period - Icing by Scott Kosmachuck.
17:35 of 3rd period - Leon Draisaitl wins face-off versus John Tavares in Stars zone.
18:30 of 3rd period - Snap shot by Guillaume Latendresse.
18:30 of 3rd period - Stopped by James Reimer without a rebound.
18:31 of 3rd period - John Tavares wins face-off versus Ryan Nugent-Hopkins in Oilers zone.
18:32 of 3rd period - Snap shot by Michael Grabner.
18:32 of 3rd period - Shot Misses the Net.
18:36 of 3rd period - Snap shot by John Tavares.
18:36 of 3rd period - Stopped by James Reimer with a rebound.
18:38 of 3rd period - Wrist shot by John Tavares.
18:38 of 3rd period - Stopped by James Reimer without a rebound.
18:39 of 3rd period - Maxim Lapierre wins face-off versus Cory Emmerton in Oilers zone.
18:39 of 3rd period - Maxim Lapierre is hit by Cam Atkinson.
18:44 of 3rd period - Icing by Rasmus Ristolainen.
18:45 of 3rd period - Maxim Lapierre wins face-off versus Cory Emmerton in Oilers zone.
19:01 of 3rd period - Stars, Matt Murray is pulled from the net.
19:11 of 3rd period - Ryan Nugent-Hopkins is hit by Michael Grabner and loses puck.
19:30 of 3rd period - Snap shot by Taylor Hall.
19:30 of 3rd period - Shot Misses the Net.
19:48 of 3rd period - Wrist shot by John Tavares.
19:48 of 3rd period - Shot Misses the Net.
19:52 of 3rd period - Slapshot by Brian Lee.
19:52 of 3rd period - Shot Misses the Net.
19:54 of 3rd period - Snap shot by Guillaume Latendresse.
19:54 of 3rd period - Stopped by James Reimer with a rebound.
19:56 of 3rd period - Wrist shot by John Tavares.
19:56 of 3rd period - Shot Misses the Net.
Goals for this period are 0 for Stars vs 0 for Oilers.
Shots for this period are 5 for Stars vs 3 for Oilers.